 Dungeon Crawl Stone Soup version 0.17.1-3-g152610e (webtiles) character file.

1211 DanteCalvez the Thaumaturge (level 8, 0/41 HPs)
             Began as a Deep Elf Conjurer on Apr 20, 2016.
             Succumbed to an orc's poison
             ... on level 6 of the Dungeon.
             The game lasted 00:12:51 (4670 turns).

DanteCalvez the Thaumaturge (Deep Elf Conjurer)     Turns: 4670, Time: 00:12:51

Health: 0/41       AC:  5    Str:  7      XL:     8   Next: 22%
Magic:  23/23      EV: 13    Int: 21      God:
Gold:   212        SH:  0    Dex: 14 (15) Spells: 4 memorised, 13 levels left

rFire  + . .     SeeInvis .     x - staff of conjuration {!a}
rCold  . . .     Clarity  .     F - +0 robe (curse)
rNeg   + . .     SustAt   .     (no shield)
rPois  .         Gourm    .     (no helmet)
rElec  .         Spirit   .     j - +0 cloak (curse)
rCorr  .         Warding  +     y - +1 pair of gloves
rMut   .         Stasis   .     (no boots)
MR     .....                    A - amulet of warding
Stlth  +++.......               B - ring of stealth
                                r - ring of protection from fire

@: lethally poisoned (0 -> -9), about to teleport, very slightly contaminated,
not resistant to hostile enchantments, fairly stealthy
A: no striking features
a: no special abilities


You were on level 6 of the Dungeon.
You were very hungry.

You visited 1 branch of the dungeon, and saw 6 of its levels.

You collected 212 gold pieces.


   Skills:
 - Level 2.4 Dodging
 - Level 2.4 Stealth
 + Level 9.3 Spellcasting
 + Level 8.4 Conjurations
 + Level 3.8 Charms


You had 13 spell levels left.
You knew the following spells:

 Your Spells              Type           Power        Failure   Level  Hunger
a - Iskenderun's Battles  Conj/Chrm      ######..     21%         5    #####..
b - Iskenderun's Mystic   Conj           ######..     2%          4    ##.....
r - Searing Ray           Conj           ######       1%          2    None
s - Magic Dart            Conj           ####         1%          1    None

Inventory:

Armour
 j - a cursed +0 cloak (worn)
 y - a +1 pair of gloves (worn)
 F - a cursed +0 robe (worn)
Magical Staves
 x - an uncursed staff of conjuration (weapon) {!a}
Jewellery
 r - a ring of protection from fire (left hand)
 A - an amulet of warding (around neck)
 B - a ring of stealth (right hand)
Scrolls
 e - 2 scrolls of enchant weapon {unknown}
 f - a scroll of teleportation {@r4}
 i - 2 scrolls of identify {unknown}
 n - a scroll of recharging {unknown}
 p - 3 scrolls of remove curse {unknown}
 t - 2 scrolls of fear {unknown}
 v - 2 scrolls of noise {!r}
 w - 2 scrolls of random uselessness {unknown}
Potions
 q - a potion of magic
 s - 2 potions of flight
Books
 b - a book of Conjurations

   Spells                             Type                      Level
   a - Magic Dart                     Conjuration                  1
   b - Searing Ray                    Conjuration                  2
   c - Dazzling Spray                 Conjuration/Hexes            3
   d - Fulminant Prism                Conjuration/Hexes            4
   e - Iskenderun's Mystic Blast      Conjuration                  4
   f - Iskenderun's Battlesphere      Conjuration/Charms           5
Comestibles
 c - 2 bread rations
 k - 10 fruits

Dungeon Overview and Level Annotations

Branches:
Dungeon (6/15)
 Temple: D:4-7

Altars:
Ashenzari
Okawaru
Zin

#####..(.#*,,***,**
##..####'###..#**,**
#.............#,,,,,
#.............#,,,,,
#.............+,,,,,
##..##...###..#*,,**
##'#########.<######
#...#,,,,#..........
#..e#,,,,#..........
#...#,,,,+..........
###.#*,,***...##...#
##.#########'##...#
#............'.....
#............#.....
#.........<..#.....
#............##..##
###########..##'###


There were no monsters in sight!


Message History

* * * LOW HITPOINT WARNING * * *
You feel sick.
* * * LOW HITPOINT WARNING * * *
You feel sick.
Read which item? (? for menu, Esc to quit)
As you read the scroll labeled GEAPPY ATHRE, it crumbles to dust.
You hear a loud clanging noise!
It was a scroll of noise.
* * * LOW HITPOINT WARNING * * *
You feel sick.
You hear a shout! x4
You hear a loud, deep croak!
You hear a shout!
You hear a shout!
You hear a croak.
You hear a shout!
Read which item? (? for menu, Esc to quit)
As you read the scroll labeled GISAGU MUKIU, it crumbles to dust.
You feel aware of your surroundings.
You sensed 2 altars.
It was a scroll of magic mapping.
* * * LOW HITPOINT WARNING * * *
You feel sick.
Read which item? (? for menu, Esc to quit)
As you read the scroll labeled HUUD PIFFIAJYA, it crumbles to dust.
It is a scroll of enchant armour.
Enchant which item? (? for menu, Esc to quit)
Your +0 pair of gloves glows green for a moment.
* * * LOW HITPOINT WARNING * * *
You feel sick.
Read which item? (? for menu, Esc to quit)
As you read the scroll labeled JESYUPL FUANUH, it crumbles to dust.
You feel strangely unstable.
It was a scroll of teleportation.
You die...

Action                   |  1- 3 |  4- 6 |  7- 9 || total
-------------------------+-------+-------+-------++-------
Melee: Dagger            |     1 |       |       ||     1
 Cast: Magic Dart        |    91 |    59 |    65 ||   215
       Searing Ray       |     6 |     5 |    12 ||    23
Evoke: Rod               |       |     2 |     1 ||     3
  Use: Potion            |       |     1 |     5 ||     6
       Scroll            |       |       |     5 ||     5
  Eat: Chunk             |     2 |     4 |     2 ||     8
       Pizza             |       |       |     1 ||     1
       Beef jerky        |       |       |     1 ||     1
       Fruit             |       |       |     1 ||     1

Vault maps used:
D:1:      dpeg_arrival_tiny_a, okawaru_ov_weapons_minmay
D:3:      zin_scriptorium, first_bread, serial_bayou_pond_d, uniq_jessica,
          uniq_grinder
D:4:      evilmike_ruin_ashenzari
D:5:      serial_column_ruins, column_ruins_hut, column_ruins_hut_water,
          column_ruins_grid_1, column_ruins_columns_straight,
          column_ruins_open_tiny, column_ruins_open_tiny, column_ruins_grid_3,
          hangedman_decor_diamond_cutter, sigmund_army
D:6:      nicolae_overflow_crystal_walls, vehumet_crystals, uniq_pikel

Notes
Turn   | Place    | Note
--------------------------------------------------------------
     0 | D:1      | DanteCalvez the Deep Elf Conjurer began the quest for the Orb.
     0 | D:1      | Reached XP level 1. HP: 10/10 MP: 6/6
    72 | D:1      | Found an iron altar of Okawaru.
   143 | D:1      | Reached XP level 2. HP: 15/15 MP: 2/8
   214 | D:1      | Learned a level 2 spell: Searing Ray
   546 | D:2      | Reached skill level 4 in Spellcasting
   842 | D:2      | Reached XP level 3. HP: 19/19 MP: 7/10
  1011 | D:2      | Reached skill level 5 in Conjurations
  1696 | D:2      | Reached XP level 4. HP: 24/24 MP: 9/12
  1880 | D:3      | Noticed Jessica
  1882 | D:3      | Killed Jessica
  1882 | D:3      | Reached skill level 5 in Spellcasting
  2058 | D:3      | Reached XP level 5. HP: 28/28 MP: 9/15
  2256 | D:3      | Noticed Grinder
  2261 | D:3      | Paralysed by Grinder for 2 turns
  2280 | D:3      | Killed Grinder
  2280 | D:3      | Reached skill level 6 in Spellcasting
  2280 | D:3      | Reached skill level 6 in Conjurations
  2280 | D:3      | Reached XP level 6. HP: 26/32 MP: 12/17
  2313 | D:3      | Reached skill level 7 in Spellcasting
  2356 | D:3      | Found a glowing silver altar of Zin.
  2440 | D:3      | Noticed an ogre
  2447 | D:3      | Killed an ogre
  2658 | D:4      | Reached skill level 7 in Conjurations
  2658 | D:4      | Reached XP level 7. HP: 36/36 MP: 13/20
  3015 | D:4      | Reached skill level 8 in Spellcasting
  3035 | D:4      | Found a shattered altar of Ashenzari.
  3252 | D:5      | Entered Level 5 of the Dungeon
  3632 | D:5      | Noticed Sigmund
  3649 | D:5      | Killed Sigmund
  3889 | D:5      | Learned a level 5 spell: Iskenderun's Battlesphere
  3894 | D:5      | Learned a level 4 spell: Iskenderun's Mystic Blast
  4205 | D:5      | Reached skill level 8 in Conjurations
  4205 | D:5      | Reached skill level 1 in Charms
  4212 | D:5      | Reached skill level 2 in Charms
  4311 | D:5      | Reached skill level 9 in Spellcasting
  4311 | D:5      | Reached XP level 8. HP: 25/41 MP: 14/23
  4440 | D:6      | Reached skill level 3 in Charms
  4530 | D:6      | HP: 4/41 [ice beast (11)]
  4666 | D:6      | HP: 4/41 [poisoned by an orc]
  4669 | D:6      | HP: 1/41 [poisoned by an orc]
  4670 | D:6      | Succumbed to an orc's poison

Vanquished Creatures
  Grinder (D:3)
  Sigmund (D:5)
  An ice beast (D:6)
  A phantom (D:5)
  2 ogres
  A sky beast (D:5)
  2 crimson imps
  2 jellies
  A worker ant (D:4)
  A giant frog skeleton (D:5)
  A hound (D:4)
  Jessica (D:3)
  A gnoll (D:5)
  6 adders
  An ooze (D:4)
  3 adder skeletons
  3 worms (D:2)
  3 giant geckos
  4 orcs
  11 bats
  5 giant cockroaches
  11 goblins
  3 hobgoblins
  10 jackals
  5 kobolds
  4 quokkas (D:2)
  A ball python (D:2)
  3 giant newts
  A jackal skeleton (D:6)
  6 rats
96 creatures vanquished.
